[Event "23rd Int. Tournament "]
[Site "?"]
[Date "2015.08.31"]
[Round "5.4"]
[White "Kouskoutis, Georgios-Alexandro"]
[Black "Alexakis, Dimitrios"]
[Result "1/2-1/2"]
[ECO "B88"]
[WhiteElo "2128"]
[BlackElo "2197"]
[PlyCount "49"]
[EventDate "2015.08.27"]
[TimeControl "120+18"]
[WhiteClock "0:00:21"]
[BlackClock "0:00:23"]

1. e4 c5 2. Nf3 d6 3. d4 cxd4 4. Nxd4 Nf6 5. Nc3 Nc6 6. Bc4 e6 7. Bb3 Be7 8. f3
a6 9. Be3 O-O 10. O-O Bd7 11. Qe2 Qc7 12. Rad1 Rac8 13. Nxc6 Bxc6 14. Qf2 b5
15. a3 Nd7 16. Ne2 Nc5 17. Ba2 Bb7 18. Nd4 Bf6 19. c3 Qe7 20. Qg3 Rfd8 21. Rd2
g6 22. Rfd1 Be5 23. Qg5 Bf6 24. Qg3 Be5 25. Qg5 1/2-1/2

[Event "23rd Int. Tournament "]
[Site "?"]
[Date "2015.08.31"]
[Round "5.5"]
[White "Nikolaou, Spiridon"]
[Black "Grigoriadis, Alexandros"]
[Result "1/2-1/2"]
[ECO "A81"]
[WhiteElo "2096"]
[BlackElo "2153"]
[PlyCount "123"]
[EventDate "2015.08.27"]
[TimeControl "120+17"]
[WhiteClock "0:00:00"]
[BlackClock "0:00:06"]

1. d4 g6 2. c4 f5 3. g3 Nf6 4. Bg2 Bg7 5. Nf3 O-O 6. O-O d6 7. b3 e5 8. dxe5
Ng4 9. Bb2 Nc6 10. Qd5+ Kh8 11. Rd1 Qe8 12. Nc3 dxe5 13. Nb5 Rf7 14. h3 Nf6 15.
Qd2 a6 16. Nc3 e4 17. Ng5 Rd7 18. Nd5 Ne5 19. Nxc7 Rxc7 20. Qd8 Qxd8 21. Rxd8+
Ng8 22. Ne6 Bxe6 23. Rxa8 Rd7 24. Rb1 h5 25. Re8 Re7 26. Rxe7 Nxe7 27. Rd1 N5c6
28. Ba3 Kg8 29. f3 exf3 30. Bxf3 Kf7 31. Kf2 Be5 32. e3 b6 33. Bd6 Kf6 34. c5
bxc5 35. Bxc5 a5 36. Bb6 Kf7 37. Bc5 Ke8 38. Rd2 Bc7 39. Bd1 Bd5 40. a3 Be4 41.
b4 Ne5 42. Be2 Nc8 43. Ba6 Nb6 44. Bd6 Bxd6 45. Rxd6 Nbc4 46. Bxc4 Nxc4 47.
Rxg6 a4 48. g4 hxg4 49. hxg4 Nxa3 50. Ra6 Nc2 51. Rxa4 fxg4 52. b5 Bf3 53. b6
Kd7 54. Rc4 Na3 55. Rc7+ Kd8 56. Kg3 Nb5 57. Rg7 Nd6 58. Kf4 Kc8 59. Rc7+ Kb8
60. Rg7 Nc8 61. b7 Nd6 62. Rxg4 1/2-1/2

[Event "23rd Int. Tournament "]
[Site "?"]
[Date "2015.08.31"]
[Round "5.6"]
[White "Kotrotsos, Vasilios"]
[Black "Korniotis, Filippos"]
[Result "1/2-1/2"]
[ECO "D38"]
[WhiteElo "2273"]
[BlackElo "2006"]
[PlyCount "102"]
[EventDate "2015.08.27"]
[TimeControl "120+19"]
[WhiteClock "0:00:13"]
[BlackClock "0:00:20"]

1. d4 Nf6 2. c4 e6 3. Nc3 d5 4. Bg5 Bb4 5. e3 O-O 6. Nf3 Nbd7 7. Qc2 c5 8. cxd5
exd5 9. Bd3 h6 10. Bh4 Qa5 11. O-O Re8 12. dxc5 Bxc3 13. bxc3 g5 14. Bg3 Nxc5
15. c4 Bd7 16. cxd5 Nxd3 17. Qxd3 Qxd5 18. Rfd1 Qxd3 19. Rxd3 Bf5 20. Rb3 Be4
21. Nd4 Bd5 22. Rb5 Kh7 23. h4 Kg6 24. a4 Rac8 25. hxg5 hxg5 26. Rd1 Rc4 27. a5
Rec8 28. f3 R8c5 29. Rxc5 Rxc5 30. e4 Bc4 31. Rc1 b6 32. Bd6 Rc8 33. Nf5 Ng8
34. axb6 axb6 35. Rb1 Rc6 36. Bf8 b5 37. Nd6 Nf6 38. Nf5 Ng8 39. Nd6 Nf6 40.
Nxb5 Rb6 41. Na3 Rxb1+ 42. Nxb1 g4 43. Nd2 Bd3 44. Kf2 gxf3 45. gxf3 Nd7 46.
Bd6 Bc2 47. Ke3 Kf6 48. f4 Ke6 49. Bb4 f5 50. exf5+ Bxf5 51. Nf3 Bb1 1/2-1/2

[Event "23rd Int. Tournament "]
[Site "?"]
[Date "2015.08.31"]
[Round "5.7"]
[White "Zervos, Lazaros"]
[Black "Drakoulakos, Grigorios"]
[Result "0-1"]
[ECO "B52"]
[WhiteElo "1986"]
[BlackElo "2233"]
[PlyCount "108"]
[EventDate "2015.08.27"]
[TimeControl "120+45"]
[WhiteClock "0:00:00"]
[BlackClock "0:00:14"]

1. e4 c5 2. Nf3 d6 3. Bb5+ Bd7 4. c4 Bxb5 5. cxb5 Nf6 6. Nc3 g6 7. O-O Bg7 8.
d4 cxd4 9. Nxd4 O-O 10. b3 d5 11. e5 Ne4 12. Nxe4 dxe4 13. Re1 Bxe5 14. Rxe4
Qd5 15. Rxe5 Qxe5 16. Bb2 Nd7 17. Qd2 Qd5 18. Qh6 e5 19. Nf3 f6 20. h4 Rf7 21.
Re1 Re8 22. Nd2 Nc5 23. Nc4 Ne6 24. g3 Nd4 25. Bxd4 Qxd4 26. Qc1 Rd7 27. h5 Kg7
28. h6+ Kh8 29. Qa3 Red8 30. Ne3 Qb6 31. Nc4 Qxb5 32. Qxa7 Qc6 33. Ne3 Qc3 34.
Rf1 Qb4 35. Rc1 Qf8 36. Qb6 Qxh6 37. Qxf6+ Qg7 38. Qb6 Rf8 39. Rc2 Rdf7 40. a4
Qf6 41. Qb5 Qg5 42. Qb6 h5 43. Ng2 Qf6 44. Qe3 g5 45. Re2 h4 46. Qxe5 Qxe5 47.
Rxe5 h3 48. Ne3 Rxf2 49. Rxg5 h2+ 50. Kh1 Re2 51. Rh5+ Kg8 52. Rg5+ Kh7 53. Rf5
Rd8 54. Rf3 Rd3 0-1

[Event "23rd Int. Tournament "]
[Site "?"]
[Date "2015.08.31"]
[Round "5.8"]
[White "Drivas, Stefanos"]
[Black "Pountzas, Hrisanthos"]
[Result "1/2-1/2"]
[ECO "A36"]
[WhiteElo "1967"]
[BlackElo "2128"]
[PlyCount "168"]
[EventDate "2015.08.27"]
[TimeControl "120+471"]
[WhiteClock "0:00:10"]
[BlackClock "0:00:03"]

1. Nf3 c5 2. g3 g6 3. d4 cxd4 4. Nxd4 Bg7 5. Bg2 Nc6 6. e3 Nf6 7. O-O O-O 8. c4
Nxd4 9. exd4 d5 10. cxd5 Nxd5 11. Nc3 Nxc3 12. bxc3 Qc7 13. Qb3 Rb8 14. Re1 e5
15. d5 Bd7 16. Be3 b6 17. Rac1 Rfc8 18. c4 Bf8 19. Bg5 Qd6 20. Qb2 Bg7 21. Be3
f5 22. Qd2 Rc7 23. Qb2 Rbc8 24. Qb3 Bf8 25. Bf1 Qb4 26. Bg5 Qd6 27. Qf3 Bg7 28.
Bd2 Be8 29. Rb1 Bf7 30. Bb4 Qf6 31. Qa3 Rd7 32. Qa6 Qd8 33. a4 e4 34. Bd2 Bd4
35. Be3 Bxe3 36. Rxe3 Rc5 37. Rb5 Qc7 38. Rxc5 Qxc5 39. Qb5 Rc7 40. Be2 h5 41.
h4 Qd6 42. Qb2 Rc5 43. Kg2 Ra5 44. Bd1 Be8 45. Qa1 a6 46. f3 exf3+ 47. Kxf3 Bf7
48. Qd4 Rc5 49. Be2 b5 50. axb5 axb5 51. cxb5 Rxd5 52. Qf4 Qb6 53. Bc4 Rd4 54.
Bxf7+ Kxf7 55. Qe5 Qb7+ 56. Kf2 Qd7 57. b6 Rb4 58. Qc5 Rb2+ 59. Kf3 Qb7+ 60.
Kf4 Rxb6 61. Kg5 Rc6 62. Qd5+ Kg7 63. Re6 Qc7 64. Qd4+ Kh7 65. Rxc6 Qxc6 66.
Qa7+ Kg8 67. Kh6 Qc1+ 68. Kxg6 Qc6+ 69. Kxh5 Qf3+ 70. Kh6 Qxg3 71. Qh7+ Kf8 72.
Qxf5+ Ke8 73. h5 Qg8 74. Qg6+ Kf8 75. Qf6+ Ke8 76. Qg7 Qe6+ 77. Qg6+ Qf7 78.
Qc6+ Kf8 79. Qd6+ Kg8 80. Qg6+ Kh8 81. Kg5 Qxg6+ 82. hxg6 Kg7 83. Kf5 Kg8 84.
Kf6 Kf8 1/2-1/2

[Event "23rd Int. Tournament "]
[Site "?"]
[Date "2015.08.31"]
[Round "5.9"]
[White "Pandelidis, Ioannis"]
[Black "Gkikas, Hristos"]
[Result "1-0"]
[ECO "D37"]
[WhiteElo "2114"]
[BlackElo "1983"]
[PlyCount "115"]
[EventDate "2015.08.27"]
[TimeControl "120+239"]
[WhiteClock "0:00:09"]
[BlackClock "0:00:04"]

1. Nf3 d5 2. d4 Nf6 3. c4 e6 4. Nc3 Be7 5. e3 O-O 6. a3 b6 7. Bd3 Bb7 8. O-O c5
9. dxc5 bxc5 10. cxd5 exd5 11. Qc2 Nc6 12. Rd1 Bd6 13. e4 c4 14. Be2 d4 15. Nb5
d3 16. Qxc4 Bxh2+ 17. Kxh2 Qb8+ 18. Kg1 dxe2 19. Qxe2 Ba6 20. a4 Re8 21. Qc4
Ne5 22. Nxe5 Qxe5 23. f3 Rab8 24. Be3 Bxb5 25. axb5 Qxb5 26. Qxb5 Rxb5 27. Rxa7
Rxb2 28. Rd6 Re2 29. Bd2 Nxe4 30. fxe4 R2xe4 31. Rdd7 Rf8 32. Kf2 Re6 33. Bc3
h6 34. Bd4 Rc6 35. Kg1 Rc1+ 36. Kh2 Rc2 37. Ra3 Rd2 38. Raa7 Rd3 39. Rac7 Rd1
40. Rc3 Rf1 41. Rg3 g6 42. Rh3 Kh7 43. Be3 h5 44. Rf3 Rxf3 45. gxf3 Kg8 46. Kg3
f6 47. Kf4 Rf7 48. Rd8+ Kg7 49. Bd4 Rc7 50. Rd6 Rf7 51. Rxf6 Rxf6+ 52. Kg5 Kf7
53. Bxf6 h4 54. Be5 h3 55. Bh2 Kg7 56. Kg4 Kf6 57. Kxh3 Kf5 58. Kg3 1-0

[Event "23rd Int. Tournament "]
[Site "?"]
[Date "2015.08.31"]
[Round "5.10"]
[White "Delithanasis, Dimitrios"]
[Black "Ornithopoulos, Nikolaos"]
[Result "1-0"]
[ECO "A13"]
[WhiteElo "2105"]
[BlackElo "1960"]
[PlyCount "45"]
[EventDate "2015.08.27"]
[TimeControl "120+10"]
[WhiteClock "0:00:33"]
[BlackClock "0:00:36"]

1. Nf3 d5 2. c4 e6 3. e3 Nf6 4. b3 Nbd7 5. Bb2 Be7 6. d4 O-O 7. Nc3 c6 8. cxd5
exd5 9. Bd3 Bd6 10. Qc2 Re8 11. O-O-O Nf8 12. h3 Bd7 13. Kb1 a5 14. g4 Qe7 15.
Ne5 b5 16. f4 b4 17. Na4 Bxe5 18. dxe5 Ne4 19. f5 c5 20. Nb6 Bc6 21. Nxa8 Rxa8
22. Bxe4 dxe4 23. Rd6 1-0

[Event "23rd Int. Tournament "]
[Site "?"]
[Date "2015.08.31"]
[Round "5.11"]
[White "Grigoriadis, Mihail"]
[Black "Koutsogiannis, Efthymios"]
[Result "0-1"]
[ECO "C57"]
[WhiteElo "2099"]
[BlackElo "1960"]
[PlyCount "92"]
[EventDate "2015.08.27"]
[TimeControl "120+16"]
[WhiteClock "0:00:02"]
[BlackClock "0:00:07"]

1. e4 e5 2. Nf3 Nc6 3. Bc4 Nf6 4. Ng5 d5 5. exd5 b5 6. Be2 Nd4 7. Nf3 Nxf3+ 8.
Bxf3 Nxd5 9. a4 b4 10. d4 exd4 11. Qe2+ Be6 12. O-O Be7 13. c4 bxc3 14. bxc3
dxc3 15. Ba3 Bxa3 16. Rxa3 O-O 17. Nxc3 c6 18. Rd1 Qa5 19. Ne4 Rad8 20. Qb2 Rb8
21. Qe5 Qc7 22. Qh5 Qe7 23. Raa1 h6 24. Rac1 Rfc8 25. Nc5 Qg5 26. Nxe6 Qxh5 27.
Bxh5 fxe6 28. g3 Rb4 29. Re1 Nf6 30. Bg6 Rg4 31. Bc2 Rc4 32. Bb3 Rxc1 33. Bxe6+
Kf8 34. Rxc1 Rc7 35. f4 Ke7 36. f5 c5 37. Kf2 Kd6 38. Rb1 c4 39. Ke2 Ke5 40.
Kd2 Kd4 41. Kc2 Ne4 42. Rd1+ Kc5 43. Re1 Kd4 44. Rf1 c3 45. Rf3 Rb7 46. Bb3
Rxb3 0-1

[Event "23rd Int. Tournament "]
[Site "?"]
[Date "2015.08.31"]
[Round "5.12"]
[White "Roinos, Ilias"]
[Black "Kalodoukas, Odysseas"]
[Result "1-0"]
[ECO "D42"]
[WhiteElo "2055"]
[BlackElo "1907"]
[PlyCount "65"]
[EventDate "2015.08.27"]
[TimeControl "120+13"]
[WhiteClock "0:00:02"]
[BlackClock "0:00:01"]

1. e4 c6 2. d4 d5 3. exd5 cxd5 4. c4 Nf6 5. Nc3 e6 6. Nf3 Be7 7. cxd5 Nxd5 8.
Bd3 O-O 9. O-O Nc6 10. Re1 Nxc3 11. bxc3 b6 12. Bb2 Bb7 13. Rc1 Rc8 14. c4 Bf6
15. Bb1 g6 16. Qd3 Na5 17. Nd2 Qd7 18. Nb3 Nc6 19. Qf3 Bg7 20. Qe3 Rfd8 21.
Red1 Ne7 22. Ba3 Ba6 23. Bd3 Nf5 24. Bxf5 gxf5 25. d5 Bxc4 26. d6 Qb7 27. Qg3
Kh8 28. Qh4 Bd5 29. f3 a5 30. Nd4 b5 31. Rc7 Qa6 32. Rxf7 Rxd6 33. Qe7 1-0

[Event "23rd Int. Tournament "]
[Site "?"]
[Date "2015.09.01"]
[Round "6.1"]
[White "Tsiros, Fragkiskos Vlasios"]
[Black "Gazis, Efstathios"]
[Result "1/2-1/2"]
[ECO "A30"]
[WhiteElo "2216"]
[BlackElo "2146"]
[PlyCount "155"]
[EventDate "2015.08.27"]
[TimeControl "120+13"]
[WhiteClock "0:00:22"]
[BlackClock "0:00:22"]

1. Nf3 Nf6 2. c4 c5 3. g3 b6 4. Bg2 Bb7 5. O-O g6 6. d4 cxd4 7. Qxd4 Bg7 8. Nc3
d6 9. Rd1 Nbd7 10. Be3 Rc8 11. Rac1 O-O 12. Qh4 a6 13. b3 Rc7 14. Bh3 Qa8 15.
Bxd7 Rxd7 16. Na4 Rdd8 17. Nxb6 Qb8 18. c5 dxc5 19. Bxc5 Rxd1+ 20. Rxd1 Qc7 21.
Rc1 Re8 22. Be3 Qb8 23. Qc4 Ne4 24. Qc7 Nd6 25. a4 Nf5 26. Bf4 Qxc7 27. Rxc7
Bxf3 28. exf3 Nd4 29. Ra7 Nxb3 30. Rxa6 Nc5 31. Ra5 Nb3 32. Ra7 Bd4 33. Bc7 e5
34. a5 Re6 35. Ra8+ Kg7 36. Nc4 Rc6 37. Bxe5+ Bxe5 38. Nxe5 Rc5 39. f4 Rxa5 40.
Rb8 Nc5 41. Rc8 Ne6 42. Rb8 Ra7 43. Rb4 Rc7 44. Kg2 Ra7 45. g4 Re7 46. Nf3 Rd7
47. Re4 Nc5 48. Rc4 Ne6 49. Kg3 Rd3 50. Kg2 Rd5 51. Re4 Ra5 52. Kg3 Ra3 53. Re3
Ra4 54. Ng5 Nxg5 55. fxg5 h6 56. gxh6+ Kxh6 57. Rf3 Kg7 58. g5 Ra5 59. h4 Ra4
60. Rb3 Rc4 61. Re3 Ra4 62. f3 Rb4 63. Re2 Ra4 64. f4 Ra3+ 65. Kg2 Rb3 66. Rf2
Rb4 67. Kg3 Ra4 68. Rb2 Ra3+ 69. Kg4 f5+ 70. gxf6+ Kxf6 71. Rb6+ Kg7 72. h5
gxh5+ 73. Kxh5 Rg3 74. f5 Rh3+ 75. Kg5 Rg3+ 76. Kf4 Rg1 77. Re6 Kf7 78. Re2
1/2-1/2

[Event "23rd Int. Tournament "]
[Site "?"]
[Date "2015.09.01"]
[Round "6.2"]
[White "Nikolaou, Georgios"]
[Black "Karagiannis, Athanasios"]
[Result "1/2-1/2"]
[ECO "D34"]
[WhiteElo "2317"]
[BlackElo "2232"]
[PlyCount "81"]
[EventDate "2015.08.27"]
[TimeControl "120+22"]
[WhiteClock "0:00:17"]
[BlackClock "0:00:30"]

1. d4 Nf6 2. c4 e6 3. g3 d5 4. Nf3 Be7 5. Bg2 O-O 6. O-O c5 7. cxd5 exd5 8. Nc3
Nc6 9. dxc5 Bxc5 10. Na4 Be7 11. Be3 Re8 12. Rc1 h6 13. a3 Ng4 14. Bf4 Bf8 15.
Qd3 Qa5 16. Nc3 d4 17. Nb5 Nge5 18. Nxe5 Nxe5 19. Bxe5 Rxe5 20. Nxd4 Qb6 21.
Rc2 Bg4 22. e3 Rd8 23. Qb3 Qxb3 24. Nxb3 Bd1 25. Rd2 Rxd2 26. Nxd2 Be2 27. Re1
Bd3 28. Bf1 Bxf1 29. Kxf1 Rc5 30. Ke2 g5 31. Rb1 g4 32. Ne4 Rc6 33. Kd2 Bg7 34.
b4 f5 35. Nc5 b6 36. Na4 Rd6+ 37. Kc2 Rc6+ 38. Kb3 Rd6 39. Kc2 Rc6+ 40. Kb3 Rd6
41. Kc2 1/2-1/2

[Event "23rd Int. Tournament "]
[Site "?"]
[Date "2015.09.01"]
[Round "6.3"]
[White "Drakoulakos, Grigorios"]
[Black "Delithanasis, Dimitrios"]
[Result "1/2-1/2"]
[ECO "C95"]
[WhiteElo "2233"]
[BlackElo "2105"]
[PlyCount "82"]
[EventDate "2015.08.27"]
[TimeControl "120+25"]
[WhiteClock "0:00:15"]
[BlackClock "0:00:22"]

1. e4 e5 2. Nf3 Nc6 3. Bb5 a6 4. Ba4 Nf6 5. O-O Be7 6. Re1 b5 7. Bb3 d6 8. c3
O-O 9. h3 Nb8 10. d4 Nbd7 11. Bc2 Re8 12. Nbd2 Bf8 13. b3 c6 14. a4 Rb8 15. Bb2
Qc7 16. Bd3 g6 17. axb5 axb5 18. c4 b4 19. c5 dxc5 20. dxe5 Nh5 21. Nc4 Nf4 22.
Bf1 Ne6 23. Qc2 Bb7 24. Red1 Red8 25. g3 Ra8 26. h4 Be7 27. Bh3 Ndf8 28. Rxa8
Rxa8 29. Bc1 Bc8 30. Kh2 Ra1 31. Be3 Qa7 32. Nd6 Bd7 33. Rxa1 Qxa1 34. Bxc5
Nxc5 35. Qxc5 Bxh3 36. Kxh3 Qh1+ 37. Nh2 Bxd6 38. Qxd6 Qxe4 39. f3 Qf5+ 40. g4
Qe6 41. Qxb4 Qxe5 1/2-1/2

[Event "23rd Int. Tournament "]
[Site "?"]
[Date "2015.09.01"]
[Round "6.4"]
[White "Alexakis, Dimitrios"]
[Black "Nikolaou, Spiridon"]
[Result "1/2-1/2"]
[ECO "B48"]
[WhiteElo "2197"]
[BlackElo "2096"]
[PlyCount "54"]
[EventDate "2015.08.27"]
[TimeControl "120+24"]
[WhiteClock "0:00:05"]
[BlackClock "0:00:39"]

1. e4 c5 2. Nf3 e6 3. d4 cxd4 4. Nxd4 Nc6 5. Nc3 Qc7 6. Be3 a6 7. Qf3 Ne5 8.
Qg3 h5 9. h4 b5 10. a3 Nf6 11. Bf4 d6 12. O-O-O Bb7 13. Bxe5 dxe5 14. Bxb5+
axb5 15. Ncxb5 Qb8 16. Nxe6 fxe6 17. Qg6+ Ke7 18. Nd6 Qxd6 19. Rxd6 Kxd6 20.
Qf7 Bxe4 21. Rd1+ Bd5 22. Qb7 Re8 23. c4 Be7 24. Qb6+ Kd7 25. Qb7+ Kd6 26. Qb6+
Kd7 27. Qb7+ Kd6 1/2-1/2

[Event "23rd Int. Tournament "]
[Site "?"]
[Date "2015.09.01"]
[Round "6.5"]
[White "Grigoriadis, Alexandros"]
[Black "Roinos, Ilias"]
[Result "1/2-1/2"]
[ECO "A25"]
[WhiteElo "2153"]
[BlackElo "2055"]
[PlyCount "82"]
[EventDate "2015.08.27"]
[TimeControl "120+21"]
[WhiteClock "0:00:17"]
[BlackClock "0:00:16"]

1. c4 e5 2. Nc3 g6 3. g3 Bg7 4. Bg2 d6 5. e3 Ne7 6. Nge2 O-O 7. O-O f5 8. d3
Nbc6 9. Rb1 a5 10. a3 Be6 11. Nd5 Qd7 12. b4 axb4 13. axb4 g5 14. b5 Nd8 15. f4
gxf4 16. exf4 Ng6 17. Bb2 Nf7 18. Qb3 h5 19. Ra1 h4 20. Rxa8 Rxa8 21. Ra1 Rxa1+
22. Bxa1 Kh7 23. Qa4 Qc8 24. Qa7 Nd8 25. Kf2 Bf7 26. Ke1 Ne6 27. Kd2 Nc5 28.
Bc3 Qd8 29. Bb4 exf4 30. gxf4 Bxd5 31. Bxd5 b6 32. Bxc5 dxc5 33. Qa8 Qxa8 34.
Bxa8 Bd4 35. Bc6 Kg7 36. Be8 Nf8 37. h3 Kf6 38. Bc6 Ne6 39. Bd5 Ng7 40. Bf3 Bf2
41. Nc3 Ne6 1/2-1/2

[Event "23rd Int. Tournament "]
[Site "?"]
[Date "2015.09.01"]
[Round "6.6"]
[White "Poulopoulos, Ioannis"]
[Black "Trimitzios, Petros"]
[Result "1/2-1/2"]
[ECO "D04"]
[WhiteElo "2133"]
[BlackElo "2006"]
[PlyCount "68"]
[EventDate "2015.08.27"]
[TimeControl "120+15"]
[WhiteClock "0:00:08"]
[BlackClock "0:00:11"]

1. d4 c5 2. e3 d5 3. Nf3 Nf6 4. b3 Nc6 5. Bd3 g6 6. Bb2 cxd4 7. exd4 Bg7 8.
Nbd2 O-O 9. a3 Bf5 10. Qe2 Bxd3 11. Qxd3 e6 12. O-O Qe7 13. Rfe1 Rfd8 14. c4
dxc4 15. bxc4 Rac8 16. Rad1 Qd7 17. Nb3 b6 18. Qe2 Qc7 19. Rc1 Qb7 20. Red1 Qa6
21. Qe1 Qa4 22. Rd3 Re8 23. Qd1 Ne7 24. Nbd2 Qxd1+ 25. Rxd1 Red8 26. g3 Nd7 27.
Rb3 Nc6 28. Bc3 Ne7 29. a4 Nf5 30. a5 Nd6 31. axb6 axb6 32. Rb4 Rc6 33. Bb2
Rdc8 34. Rc1 h6 1/2-1/2

[Event "23rd Int. Tournament "]
[Site "?"]
[Date "2015.09.01"]
[Round "6.7"]
[White "Korniotis, Filippos"]
[Black "Kouskoutis, Georgios-Alexandro"]
[Result "0-1"]
[ECO "A77"]
[WhiteElo "2006"]
[BlackElo "2128"]
[PlyCount "73"]
[EventDate "2015.08.27"]
[TimeControl "120+16"]
[WhiteClock "0:00:24"]
[BlackClock "0:00:04"]

1. d4 Nf6 2. c4 e6 3. Nf3 c5 4. d5 d6 5. Nc3 exd5 6. cxd5 g6 7. e4 a6 8. a4 Bg7
9. Be2 O-O 10. Nd2 Re8 11. O-O Nbd7 12. Qc2 Qe7 13. f4 h5 14. h3 Rb8 15. a5 b5
16. axb6 Nxb6 17. Bf3 Qc7 18. Kh1 Nfd7 19. e5 dxe5 20. f5 Nf8 21. fxg6 fxg6 22.
Be4 Qd6 23. Na4 Nxa4 24. Nc4 Qd8 25. Rxa4 Bb7 26. Ne3 Qd6 27. Ra3 Re7 28. Rc3
Rc8 29. Nc4 Qc7 30. d6 Bxe4 31. Qe2 Qc6 32. dxe7 Ne6 33. Nd6 Qxd6 34. Qxe4 Nd4
35. Rg3 Nf5 36. Rxf5 Re8 37. Bg5 0-1

[Event "23rd Int. Tournament "]
[Site "?"]
[Date "2015.09.01"]
[Round "6.8"]
[White "Koutsogiannis, Efthymios"]
[Black "Pandelidis, Ioannis"]
[Result "1-0"]
[ECO "B22"]
[WhiteElo "1960"]
[BlackElo "2114"]
[PlyCount "181"]
[EventDate "2015.08.27"]
[TimeControl "120+20"]
[WhiteClock "0:00:02"]
[BlackClock "0:00:02"]

1. e4 c5 2. c3 d5 3. exd5 Qxd5 4. d4 Nf6 5. Nf3 e6 6. Be3 cxd4 7. Bxd4 Nc6 8.
Nbd2 Nxd4 9. Nxd4 Bd7 10. Qf3 Qxf3 11. N2xf3 Bd6 12. Bb5 Rd8 13. O-O Bxb5 14.
Nxb5 Bb8 15. Rad1 Ke7 16. Rfe1 Nd7 17. Nbd4 g6 18. b3 Kf6 19. Ne2 Nc5 20. Ng3
Ke7 21. Kf1 h6 22. Rxd8 Rxd8 23. Ne4 Nd7 24. c4 Rc8 25. h3 a6 26. g4 Nc5 27.
Nxc5 Rxc5 28. Rd1 Rc6 29. Ke2 Bf4 30. Rd3 f5 31. Nh4 Kf6 32. Ng2 Bd6 33. f3 Ke7
34. Nh4 g5 35. Ng2 f4 36. Ne1 Rc8 37. Rd1 h5 38. Kf1 hxg4 39. hxg4 Rh8 40. Kg2
e5 41. Nd3 Ke6 42. Nf2 Be7 43. Ne4 b6 44. Rh1 Rxh1 45. Kxh1 b5 46. Kg2 b4 47.
Kf1 a5 48. Ke2 Bd8 49. Kd3 Be7 50. Nf2 Bc5 51. Ne4 Be7 52. Nf2 Bc5 53. Nh3 Be7
54. Ke4 Bd8 55. Nf2 Bb6 56. Nd3 Bc7 57. c5 Bb8 58. Nb2 Ba7 59. Nc4 Bxc5 60.
Nxe5 Bd6 61. Nc6 Bc7 62. Nd4+ Kf6 63. Kd5 Bb6 64. Ne6 Bf2 65. Nd8 Bb6 66. Nc6
Bc7 67. Nd4 Bb6 68. Nc2 Bd8 69. a3 bxa3 70. Nxa3 Be7 71. Nc4 Bb4 72. Nd6 Ba3
73. Ne4+ Kg6 74. Kc4 Be7 75. Kb5 Bd8 76. Nd6 Kf6 77. Nc4 Ke6 78. Nxa5 Kd5 79.
Nc6 Bc7 80. b4 Bd6 81. Kb6 Kc4 82. b5 Kd3 83. Nd8 Ke3 84. Nf7 Kxf3 85. Nxd6
Kxg4 86. Kc5 f3 87. Ne4 f2 88. Nxf2+ Kf3 89. Nd3 Ke3 90. Ne5 Ke4 91. Kd6 1-0

[Event "23rd Int. Tournament "]
[Site "?"]
[Date "2015.09.01"]
[Round "6.9"]
[White "Zygouris, Hristos"]
[Black "Loutragotis, Dimitrios"]
[Result "1-0"]
[ECO "A01"]
[WhiteElo "2210"]
[BlackElo "1809"]
[PlyCount "71"]
[EventDate "2015.08.27"]
[TimeControl "120+224"]
[WhiteClock "0:00:05"]
[BlackClock "0:00:04"]

1. b3 b6 2. e4 Bb7 3. Nc3 e5 4. Bb2 Nf6 5. Qe2 Nc6 6. f4 Nd4 7. Qd3 Bc5 8.
O-O-O a5 9. Nd5 Ng4 10. Qg3 h5 11. fxe5 Bxd5 12. exd5 a4 13. Nf3 Nxf3 14. gxf3
axb3 15. axb3 Ra2 16. fxg4 Qa8 17. d4 Bb4 18. Bc3 Qa3+ 19. Kd2 Qxb3 20. Qd3 Be7
21. h4 hxg4 22. Bg2 Rxh4 23. Be4 Bg5+ 24. Ke2 Rxh1 25. Rxh1 Bh6 26. Bd2 Qb2 27.
Bxh6 gxh6 28. Rxh6 Ra4 29. d6 cxd6 30. exd6 Kf8 31. Rh8+ Kg7 32. Rh7+ Kf8 33.
Qe3 Qxd4 34. Qh6+ Kg8 35. Qg5+ Kf8 36. Qd8# 1-0

[Event "23rd Int. Tournament "]
[Site "?"]
[Date "2015.09.01"]
[Round "6.10"]
[White "Kapnisis, Spyridon"]
[Black "Kondopoulos, Dimitrios"]
[Result "1-0"]
[ECO "D31"]
[WhiteElo "2455"]
[BlackElo "1989"]
[PlyCount "61"]
[EventDate "2015.08.27"]
[TimeControl "120+22"]
[WhiteClock "0:00:05"]
[BlackClock "0:00:02"]

1. d4 d5 2. c4 c6 3. Nc3 e6 4. e4 dxe4 5. Nxe4 Nf6 6. Nc3 Bd6 7. Nf3 O-O 8. Bd3
Nbd7 9. c5 Bb8 10. O-O e5 11. Be3 Re8 12. Bc4 h6 13. Qc2 Kf8 14. Rad1 e4 15.
Ne5 Qc7 16. Bf4 Nxe5 17. dxe5 Be6 18. Bxe6 Rxe6 19. Rd6 Nh5 20. Rxe6 fxe6 21.
Qxe4 Kg8 22. Rd1 a5 23. Bxh6 gxh6 24. Qg6+ Ng7 25. Ne4 Ba7 26. Nf6+ Kf8 27. Rd7
Qxd7 28. Nxd7+ Kg8 29. Nf6+ Kf8 30. Qxh6 Rd8 31. Qh8+ 1-0

[Event "23rd Int. Tournament "]
[Site "?"]
[Date "2015.09.01"]
[Round "6.11"]
[White "Spyropoulos, Nikolaos"]
[Black "Kotrotsos, Vasilios"]
[Result "1/2-1/2"]
[ECO "B90"]
[WhiteElo "1993"]
[BlackElo "2273"]
[PlyCount "145"]
[EventDate "2015.08.27"]
[TimeControl "120+9"]
[WhiteClock "0:00:32"]
[BlackClock "0:00:12"]

1. e4 c5 2. Nf3 d6 3. d4 cxd4 4. Nxd4 Nf6 5. Nc3 a6 6. Be3 e5 7. Nf3 Qc7 8. Be2
h6 9. O-O Be6 10. h3 Nbd7 11. a4 Rc8 12. Nd2 d5 13. exd5 Nxd5 14. Nxd5 Bxd5 15.
c4 Bc6 16. Bf3 Be7 17. Rc1 O-O 18. Bxc6 bxc6 19. Qc2 Rb8 20. b3 f5 21. f3 Nc5
22. Rfd1 a5 23. Kh1 Rb4 24. Rb1 Qb8 25. Re1 Qd6 26. Nf1 Qd3 27. Qxd3 Nxd3 28.
Red1 Rd8 29. Kh2 Rbb8 30. Bg1 Kf7 31. Ne3 Ke6 32. Nc2 Nb4 33. Rxd8 Rxd8 34.
Nxb4 Bxb4 35. Bf2 Rd3 36. Kg1 e4 37. fxe4 fxe4 38. Kf1 Ke5 39. Ke2 Rd2+ 40. Ke3
Rd3+ 41. Ke2 Rc3 42. Rb2 Rd3 43. Rb1 g5 44. Be3 Rc3 45. Rb2 Ba3 46. Rb1 Rc2+
47. Kf1 Kf5 48. Bd4 Kf4 49. Re1 Bc1 50. Re2 Rxe2 51. Kxe2 Kg3 52. Kf1 Bd2 53.
Be5+ Bf4 54. Bc3 Bc7 55. b4 axb4 56. Bxb4 e3 57. a5 e2+ 58. Kg1 c5 59. Bd2 h5
60. a6 Bb8 61. Be1+ Kf4 62. Kf2 Ke4 63. Kxe2 Kd4 64. Ba5 Ba7 65. g4 hxg4 66.
hxg4 Kxc4 67. Bd8 Kb5 68. Bxg5 Kxa6 69. Be3 Kb5 70. g5 Bb8 71. g6 Be5 72. Kd3
Bg7 73. Ke4 1/2-1/2

[Event "23rd Int. Tournament "]
[Site "?"]
[Date "2015.09.01"]
[Round "6.12"]
[White "Sakaridis, Emmanouil"]
[Black "Pountzas, Hrisanthos"]
[Result "0-1"]
[ECO "A56"]
[WhiteElo "1939"]
[BlackElo "2128"]
[PlyCount "112"]
[EventDate "2015.08.27"]
[TimeControl "120+17"]
[WhiteClock "0:00:02"]
[BlackClock "0:00:11"]

1. d4 Nf6 2. c4 c5 3. d5 e5 4. Nc3 d6 5. e4 Be7 6. g3 O-O 7. Bg2 a6 8. Nge2
Nbd7 9. O-O Rb8 10. a4 Ne8 11. Qd3 Nc7 12. f4 Bf6 13. Be3 b6 14. Kh1 Qe7 15. f5
Bg5 16. Bf2 h5 17. Ng1 Nf6 18. Nf3 Bh6 19. Rfd1 Bd7 20. h3 Qe8 21. Bf1 b5 22.
Qc2 bxa4 23. Bd3 Rb4 24. Rg1 Qe7 25. g4 hxg4 26. hxg4 Nh7 27. Bh4 f6 28. Raf1
Rfb8 29. Nd1 a3 30. bxa3 Rb3 31. Qe2 Be8 32. Rg2 Rxa3 33. Rfg1 Rbb3 34. Nf2 Ng5
35. Bxg5 Bxg5 36. Nxg5 fxg5 37. Rg3 Bf7 38. Qd2 Kf8 39. Nh3 Ke8 40. Kh2 Qf6 41.
Bc2 Rxg3 42. Rxg3 Ra2 43. Qc1 Qd8 44. Qb1 Ra5 45. Rb3 Ke7 46. Rb7 Be8 47. Nxg5
Bd7 48. Nh3 Ra3 49. Qc1 Ra2 50. Qg5+ Ke8 51. Qg6+ Kf8 52. Qxd6+ Kg8 53. g5
Rxc2+ 54. Kg3 Rc3+ 55. Kg4 Bxf5+ 56. Kxf5 Qxd6 0-1

[Event "23rd Int. Tournament "]
[Site "?"]
[Date "2015.09.02"]
[Round "7.1"]
[White "Karagiannis, Athanasios"]
[Black "Koutsogiannis, Efthymios"]
[Result "*"]
[ECO "D12"]
[WhiteElo "2232"]
[BlackElo "1960"]
[PlyCount "67"]
[EventDate "2015.08.27"]
[TimeControl "120+6"]
[WhiteClock "0:01:06"]
[BlackClock "0:00:20"]

1. Nf3 d5 2. c4 c6 3. d4 Nf6 4. e3 Bf5 5. Nc3 e6 6. Bd3 Bb4 7. Bxf5 exf5 8.
cxd5 Qxd5 9. O-O Qa5 10. Ne5 O-O 11. Qb3 Bxc3 12. bxc3 Qc7 13. Rb1 b6 14. Ba3
Rd8 15. Rbd1 Ng4 16. Nf3 Nd7 17. Qc2 g6 18. c4 c5 19. h3 Ngf6 20. d5 Qd6 21.
Nd4 Ne4 22. Nb5 Qb8 23. d6 a6 24. Nc7 Ra7 25. Bb2 Nxd6 26. Rxd6 Qxc7 27. Rfd1
Raa8 28. Qd3 Ra7 29. e4 fxe4 30. Qxe4 Qc8 31. Qe5 Kf8 32. Qh8+ Ke7 33. Bf6+
Nxf6 34. Qxf6+ *